 Dungeon Crawl Stone Soup version 0.28-a0-589-g333b8329f1 (webtiles) character file.

Game seed: 12390768583282878590

154 freelancePsychic the Magician (level 5, -2/39 HPs)
             Began as a Djinni Fire Elementalist on Oct 3, 2021.
             Engulfed by a cloud of flame (9 damage)
             ... on level 3 of the Dungeon.
             The game lasted 00:04:26 (4030 turns).

freelancePsychic the Magician (DjFE)                Turns: 4030, Time: 00:04:26

Health: -2/39      AC:  2    Str:  7    XL:     5   Next: 62%
Gold:   78         EV: 12    Int: 18    God:
                   SH:  0    Dex: 13

rFire   + + .      SeeInvis .   (no weapon)
rCold   x . .      Faith    .   (no shield)
rNeg    + . .      Spirit   .   a - +0 robe
rPois   ∞          Reflect  .   (no helmet)
rElec   .          Harm     .   (no cloak)
rCorr   .          Rampage  .   (no gloves)
Will    .....                   (boots unavailable)
Stlth   ++........              (no amulet)
HPRegen 0.13/turn               f - ring of positive energy
MPRegen 0.00/turn               (no ring)

@: flying
A: sickness immunity, fire resistance 2, cold vulnerability 1, float, innate
caster, hp casting, extra vitality 1
a: no special abilities


You were on level 3 of the Dungeon.
You visited 1 branch of the dungeon, and saw 3 of its levels.

You collected 78 gold pieces.

Inventory:

Armour
 a - a +0 robe (worn)
Jewellery
 f - a ring of positive energy (left hand)
Scrolls
 d - a scroll of enchant armour
 e - a scroll of magic mapping
Potions
 b - a potion of mutation {unknown}
 i - a potion of might {unknown}


   Skills:
 + Level 2.5 Fighting
 - Level 2.1 Dodging
 - Level 1.5 Stealth
 * Level 4.0 Spellcasting


You couldn't memorise any spells.
You knew the following spells:

 Your Spells              Type           Power      Damage    Failure   Level
a - Foxfire               Conj/Fire      72%        2x1d7     2%          1
b - Scorch                Fire           36%        2d7       4%          2
c - Inner Flame           Hex/Fire       18%        N/A       9%          3
d - Conjure Flame         Conj/Fire      18%        6-21      9%          3
e - Flame Wave            Conj/Fire      18%        3d5       28%         4
f - Pain                  Necr           72%        1d7       2%          1
g - Call Imp              Summ           18%        N/A       4%          2
Your spell library was empty.

Dungeon Overview and Level Annotations

Branches:
Dungeon (3/15)

Altars:


Innate Abilities, Weirdness & Mutations

You are immune to sickness and miasma.
You are immune to poison.
Your flesh is very heat resistant. (rF++)
You are vulnerable to cold. (rC-)
You float through the air rather than walking.
You learn spells naturally, not from books.
Your magical power is your life essence.
You have superior vitality. (+4 HP)


Message History

Flames lash Ijyb.
Ijyb is moderately wounded.
Ijyb's fire resistance burns away.
The kobold is no longer more vulnerable to fire.
Ijyb closely misses you. The kobold hits you with a +0 whip.
Casting: Scorch (safe; 4% risk of failure)
Confirm with . or Enter, or press ? or * to list all spells.
Flames lash Ijyb.
Ijyb is heavily wounded.
Ijyb zaps a wand.
You resist with some effort. The kobold hits you with a +0 whip.
* * * LOW HITPOINT WARNING * * *
Ijyb zaps a wand.
You resist with some effort.
You feel better. The kobold closely misses you.
You feel better. The kobold closely misses you.
Casting: Scorch (safe; 4% risk of failure)
Confirm with . or Enter, or press ? or * to list all spells.
Aiming: Inner Flame (dangerous; 9% risk of failure)
Press: ? - help, Shift-Dir - straight line, f - kobold
Aim: a kobold, wielding a +0 whip, wearing a +0 robe and quivering stones (moderately wounded, chance to affect: 86%)
The kobold is filled with an inner flame.
Ijyb is no longer more vulnerable to fire.
The kobold closely misses you.
Your magical contamination has completely faded away.
Casting: Inner Flame (dangerous; 9% risk of failure)
Confirm with . or Enter, or press ? or * to list all spells.
Flames lash Ijyb.
Ijyb is heavily wounded.
Ijyb's fire resistance burns away.
The kobold hits you with a +0 whip.
Casting: Scorch (safe; 4% risk of failure)
Confirm with . or Enter, or press ? or * to list all spells.
Flames lash the kobold.
The kobold explodes!
The fiery explosion engulfs you! You resist.
* * * LOW HITPOINT WARNING * * *
The fiery explosion engulfs Ijyb!!!
Ijyb is burned terribly!
You kill Ijyb!
You are engulfed in blazing flames.
You resist.
You die...

#.# #.≈ ≈≈ #.#
... .##.......
#.## K.#..g..
#..# ....... ##.#
..... #.# ....
#.# ..# #.# #.#
#@#
#.#######§#####..
#.Kg.†..#§......#
#######...^######
######


There were no monsters in sight!

Vanquished Creatures
  Ijyb (D:3)
  Natasha (D:2)
  6 adders
  5 dart slugs
  7 orcs (D:3)
  5 ball pythons
  6 bats
  4 endoplasms
  3 giant cockroaches
  4 goblins
  4 hobgoblins
  5 quokkas
  A frilled lizard (D:3)
  5 kobolds
  2 rats (D:1)
59 creatures vanquished.

Vanquished Creatures (others)
  103 foxfires
  10 plants (D:3)
113 creatures vanquished.

Grand Total: 172 creatures vanquished

Notes
Turn   | Place    | Note
-------+----------+-------------------------------------------
     0 | D:1      | freelancePsychic the Djinni Fire Elementalist began the
                  | quest for the Orb.
     0 | D:1      | Reached XP level 1. HP: 15/15 MP: 0/0
   349 | D:1      | Reached XP level 2. HP: 20/22 MP: 0/0
   776 | D:1      | Reached skill level 1 in Fighting
   969 | D:1      | Reached skill level 3 in Spellcasting
   969 | D:1      | Reached XP level 3. HP: 23/27 MP: 0/0
   969 | D:1      | Learned a level 1 spell: Pain
  1747 | D:1      | Found a faded altar of an unknown god.
  2235 | D:2      | Reached XP level 4. HP: 24/33 MP: 0/0
  3121 | D:3      | Reached XP level 5. HP: 20/38 MP: 0/0
  3121 | D:3      | Learned a level 2 spell: Call Imp
  3395 | D:3      | Noticed Natasha
  3406 | D:2      | Killed Natasha
  3840 | D:3      | Reached skill level 4 in Spellcasting
  4001 | D:3      | Noticed Ijyb
  4018 | D:3      | Paralysed by Ijyb for 3 turns
  4030 | D:3      | Killed Ijyb
  4030 | D:3      | Engulfed by a cloud of flame

Illustrated notes

Levels and vault maps discovered:
D:1:      zelgadis_glass_arrival_small, layout_basic,
          shapermc_ecumenical_altar_acropolis
D:2:      layout_loops_ring, minmay_fractal_squares_5
D:3:      layout_rooms, mainiacjoe_overflow_cross_hatched,
          serial_bayou_crossing, uniq_ijyb, uniq_terence, uniq_natasha

Skill      XL: |  1  2  3  4  5 |
---------------+----------------+-----
Fighting       | 1 2 |  2.5
Spellcasting   | 3 4 |  4.0
Dodging        | |  2.1
Stealth        | |  1.5

Action                   |  1- 3 |  4- 6 || total
-------------------------+-------+-------++-------
Melee: Unarmed           |       |     1 ||     1
 Cast: Foxfire           |    41 |    22 ||    63
       Scorch            |    24 |    32 ||    56
       Inner Flame       |       |     6 ||     6
  Use: Scroll            |     1 |     1 ||     2
       Potion            |       |     4 ||     4
 Stab: Distracted        |       |     1 ||     1
Armor: Robe              |     3 |     1 ||     4
Dodge: Dodged            |     5 |    15 ||    20

Table legend: (Time is in decaauts)
 A = Elapsed time spent in this place.
 B = Non-inter-level travel time spent in this place.
 C = Inter-level travel time spent in this place.
 D = Time resting spent in this place.
 E = Time spent auto-exploring this place.
 F = Levels seen in this place.
 G = Mean time per level.
                   A        B        C        D        E       F      G
               +--------+--------+--------+--------+--------+-----+--------+
         Total |   4036 |   3960 |     76 |    243 |   3351 |   3 | 1345.3 |
       Dungeon |   4036 |   3960 |     76 |    243 |   3351 |   3 | 1345.3 |
               +--------+--------+--------+--------+--------+-----+--------+

Top non-repeatable levels by time:
     D:1: 1988 daAuts
     D:2: 1353 daAuts
     D:3: 695 daAuts
